 Dungeon Crawl Stone Soup version 0.28-a0-1002-gf00fe891ef (webtiles) character file.

Game seed: 10785829622394110639

99141 RepHenryClay the Spry (level 15, -13/82 HPs)
             Began as a Deep Elf Venom Mage on Dec 6, 2021.
             Was a High Priest of Vehumet.
             Killed from afar by Roxanne (22 damage)
             ... with a bolt of magma
             ... on level 1 of the Swamp.
             The game lasted 01:22:00 (37532 turns).

RepHenryClay the Spry (Deep Elf Venom Mage)        Turns: 37532, Time: 01:22:01

Health: -13/82     AC: 11    Str:  5    XL:     15   Next: 76%
Magic:  28/35      EV: 21    Int: 34    God:    Vehumet [*****.]
Gold:   698        SH:  0    Dex: 15    Spells: 3/42 levels left

rFire   + + .      SeeInvis +   a - staff of poison
rCold   . . .      Faith    .   (no shield)
rNeg    + . .      Spirit   .   f - +1 robe {rC+ rF+}
rPois   +          Reflect  .   q - +2 helmet {Int+3}
rElec   .          Harm     .   X - scarf {repulsion}
rCorr   .          Rampage  .   S - +1 pair of gloves of Rotation {rPois rC- Int+3}
Will    ++...                   l - +2 pair of boots
Stlth   +.........              u - amulet of magic regeneration
HPRegen 0.23/turn               J - ring of protection from fire
MPRegen 0.64/turn               d - ring "Qewneaff" {rN+ Will+ SInv Stlth-}

@: repel missiles, very slow
A: no striking features
a: Renounce Religion


You were on level 1 of the Swamp.
You worshipped Vehumet.
Vehumet was extremely pleased with you.
You visited 4 branches of the dungeon, and saw 24 of its levels.

You collected 2418 gold pieces.
You spent 1720 gold pieces at shops.

Inventory:

Missiles
 G - 4 throwing nets
Armour
 f - a +1 robe of resistance (worn)
 l - a +2 pair of boots (worn)
 q - a +2 helmet of intelligence (worn)
 C - a +3 leather armour of poison resistance
 D - the +1 pair of gloves of Joy {rElec Will- Int+4 Dex+8}
   (You bought it in a shop on level 12 of the Dungeon)

   Int:       It affects your intelligence (+4).
   Dex:       It affects your dexterity (+8).
   rElec:     It insulates you from electricity.
   Will:      It decreases your willpower.
 H - a +2 hat of willpower
 L - a +1 robe of positive energy
 S - the +1 pair of gloves of Rotation (worn) {rPois rC- Int+3}
   (You found it on level 4 of the Lair of Beasts)

   Int:       It affects your intelligence (+3).
   rC:        It makes you vulnerable to cold.
   rPois:     It protects you from poison.
 X - a scarf of repulsion (worn)
Magical Staves
 a - a staff of poison (weapon)
 K - a staff of fire
 O - a staff of cold
Jewellery
 d - the ring "Qewneaff" (right hand) {rN+ Will+ SInv Stlth-}
   (You acquired it on level 1 of the Orcish Mines)

   [ring of willpower]

   rN:        It protects you from negative energy.
   SInv:      It lets you see invisible.
   Will:      It increases your willpower.
   Stlth:     It makes you less stealthy.
 j - a ring of flight
 u - an amulet of magic regeneration (around neck)
 J - a ring of protection from fire (left hand)
 Q - an amulet of reflection
 T - a ring of protection from cold
 V - a ring of positive energy
Wands
 c - a wand of paralysis (13)
 m - a wand of flame (57)
 s - a wand of digging (9)
 y - a wand of acid (8)
 M - a wand of charming (3)
Scrolls
 b - 4 scrolls of enchant weapon
 e - 10 scrolls of teleportation
 h - a scroll of fog
 t - 8 scrolls of identify {@r1}
 x - 7 scrolls of enchant armour
 B - a scroll of holy word
 E - 2 scrolls of blinking
 P - 3 scrolls of vulnerability
 R - a scroll of magic mapping
 W - a scroll of silence
 Y - a scroll of torment
Potions
 g - 9 potions of curing
 i - 4 potions of cancellation
 n - 2 potions of attraction
 o - 3 potions of magic
 p - 2 potions of ambrosia
 r - 3 potions of lignification
 v - 2 potions of flight
 w - 2 potions of might
 z - 3 potions of resistance
 A - a potion of heal wounds
 F - 8 potions of mutation
 I - 2 potions of haste
 N - a potion of brilliance
 U - a potion of invisibility


   Skills:
 - Level 5.0 Fighting
 - Level 6.0 Staves
 - Level 16.7 Dodging
 - Level 2.4 Stealth
 + Level 14.2 Spellcasting
 - Level 16.2 Conjurations
 - Level 5.6 Translocations
 - Level 6.0 Transmutations
 - Level 5.3 Fire Magic
 - Level 5.3 Air Magic
 - Level 10.8 Poison Magic
 - Level 6.6 Evocations


You had 3 spell levels left.
You knew the following spells:

 Your Spells              Type           Power      Damage    Failure   Level
a - Sting                 Tmut/Pois      100%       1d8       1%          1
b - Poisonous Vapours     Pois/Air       100%       N/A       1%          2
c - Shock                 Conj/Air       100%       1d9       0%          1
d - Olgreb's Toxic Radia  Pois           98%        N/A       1%          4
e - Mephitic Cloud        Conj/Pois/Air  98%        N/A       1%          3
g - Ignite Poison         Fire/Tmut/Pois 84%        N/A       1%          3
h - Iskenderun's Mystic   Conj/Tloc      78%        2d16      1%          4
i - Lightning Bolt        Conj/Air       38%        1d57      1%          5
j - Freezing Cloud        Conj/Ice/Air   32%        6-21      1%          5
k - Fireball              Conj/Fire      39%        3d16      1%          5
l - Eringya's Noxious Bo  Tmut/Pois      44%        N/A       2%          6

Your spell library contained the following spells:

 Spells                   Type           Power      Damage    Failure   Level
 Searing Ray              Conj           100%       2d8       0%          2
 Static Discharge         Conj/Air       77%        N/A       1%          2
 Frozen Ramparts          Ice            48%        1d6       1%          3
 Inner Flame              Hex/Fire       42%        N/A       1%          3
 Spider Form              Tmut/Pois      89%        N/A       1%          3
 Swiftness                Air            57%        N/A       1%          3
 Ensorcelled Hibernation  Hex/Ice        48%        N/A       2%          2
 Tukima's Dance           Hex            24%        N/A       5%          3
 Airstrike                Air            28%        N/A       1%          4
 Fulminant Prism          Conj/Hex       34%        3d16      1%          4
 Passage of Golubria      Tloc           58%        N/A       1%          4
 Sticky Flame             Conj/Fire      78%        2d9       1%          4
 Irradiate                Conj/Tmut      39%        3d26      1%          5
 Iskenderun's Battlesphe  Conj           94%        2d14      1%          5
 Iron Shot                Conj/Erth      34%        9d7       2%          6
 Ice Form                 Ice/Tmut       44%        N/A       4%          4
 Blade Hands              Tmut           30%        N/A       4%          5
 Yara's Violent Unravell  Hex/Tmut       22%        3d10      4%          5
 Lee's Rapid Deconstruct  Erth           12%        3d9*      13%         5
 Spellforged Servitor     Conj/Summ      34%        N/A       14%         7
 Cause Fear               Hex            12%        N/A       17%         4
 Dispel Undead            Necr           24%        3d12      17%         4
 Summon Ice Beast         Ice/Summ       24%        N/A       17%         4
 Dragon Form              Tmut           30%        N/A       77%         7
 Ignition                 Fire           28%        3d9       95%         8
 Ozocubu's Refrigeration  Ice            12%        4d7       96%         7
 Discord                  Hex            12%        N/A       100%        8


Dungeon Overview and Level Annotations

Branches:
Dungeon (15/15)            Temple (0/1) D:5            Lair (6/6) D:9
  Swamp (1/4) Lair:2        Snake (0/4) Lair:3        Slime (0/5) Lair:6
    Orc (2/2) D:10            Elf (0/3) Orc:2        Vaults (0/5) D:13
 Depths (0/4) D:15

Altars:
Kikubaaqudgha
Qazlal
Uskayaw
Vehumet
Wu Jian
Xom
Zin
The Shining One
Beogh

Shops:
D:12 *   D:15 :*=   Orc:2 [:(*?

Annotations:
Lair:6 3 runed translucent doors, ardl's ghost, journeyman OpCj
Swamp:1 Roxanne


Message History

Okay, then.
You enter the shallow water.
Moving in this stuff is going to be slow.
You start resting.
Magic restored.
Really walk into a travel-excluded area?
Roxanne mumbles some strange words.
You blink.
Splash!
You fall into the shallow water.
Moving in this stuff is going to be slow.
Casting: Lightning Bolt (safe; 1% risk of failure)
Confirm with . or Enter, or press ? or * to list all spells.
Aiming: Lightning Bolt (safe; 1% risk of failure)
Press: ? - help, Shift-Dir - straight line, f/p - Roxanne
Aim: Roxanne (severely damaged, 100% to hit)
You hear a mighty clap of thunder!
The bolt of lightning hits Roxanne.
Roxanne resists.
Roxanne is severely damaged.
Roxanne mumbles some strange words.
The crystal spear hits you!!
Huge Dmg: -37%(-31hp) hp: 63%(51hp)
Casting: Lightning Bolt (safe; 1% risk of failure)
Confirm with . or Enter, or press ? or * to list all spells.
Aiming: Lightning Bolt (safe; 1% risk of failure)
Press: ? - help, Shift-Dir - straight line, f/p - Roxanne
Aim: Roxanne (severely damaged, 100% to hit)
You hear a mighty clap of thunder!
The bolt of lightning hits Roxanne!
Roxanne resists.
Roxanne is severely damaged.
Roxanne casts a spell.
The iron shot hits you!!!
Ouch! That really hurt!
* * * LOW HITPOINT WARNING * * *
Huge Dmg: -53%(-43hp) hp: 10%(8hp)
As you read the scroll of fog, it crumbles to dust.
The scroll dissolves into smoke.
Roxanne mumbles some strange words.
The bolt of magma hits you!! You partially resist.
You die...

♣
♣...≈(♣..≈.≈≈≈≈...♣♣.≈†...≈♣
♣
♣♣..§≈♣♣♣.§≈≈.....♣♣♣♣.≈†..≈≈
♣♣ ♣.≈.≈♣.♣♣.≈..♣≈..♣♣
♣♣.>†≈.. .♣
♣.§...♣♣♣.≈...≈≈.≈♣♣ ♣♣..≈≈.
♣♣ ♣.≈≈.♣♣ ♣.♣....≈≈≈≈♣
♣.≈≈≈.. ≈♣♣♣ ♣.≈≈.♣
♣..≈≈...≈≈♣♣ ♣♣≈≈≈.♣
≈♣.♣♣♣♣....♣ ♣♣§§§.8.$≈♣
♣♣.≈♣♣ ...♣.≈..≈≈≈♣
♣§§§♣...♣♣♣ ♣..♣ ..##.≈≈≈≈♣.♣
♣♣§@§.♣♣≈♣ ♣♣♣♣ .##....≈≈.♣♣
♣§§§.♣ ♣♣
.#...>.≈≈.♣♣♣♣♣♣.§§§♣
.#...........♣.♣...♣♣
.#..≈.......≈≈≈..≈♣♣
.##...)##..(.♣≈.♣.♣
..##..#.....♣♣.♣♣.♣
≈..####..:..♣.♣♣♣♣♣
≈...[(..♣≈.≈♣♣


You could see Roxanne.

Vanquished Creatures
  Gastronok (Lair:1)
  Donald (Swamp:1)
  2 orc warlords
  A bunyip (Swamp:1)
  A fire dragon (D:9)
  A great orb of eyes (D:15)
  Josephine (Swamp:1)
  Harold (D:8)
  8 vault guards (D:13)
  14 hydras
  3 boulder beetles
  4 two-headed ogres
  A catoblepas (Lair:6)
  4 centaur warriors
  Erica (D:9)
  2 alligators (Swamp:1)
  8 death yaks
  A deep troll shaman (Lair:6)
  5 tengu warriors
  An orc high priest (Orc:2)
  A glowing orange brain (shapeshifter) (D:13)
  A goliath frog (Swamp:1)
  A spriggan druid (Swamp:1)
  A lindwurm (Lair:6)
  6 orc knights
  2 deep elf pyromancers
  3 orc sorcerers (Orc:2)
  A wizard (D:14)
  12 ugly things
  6 cyclopes
  A manticore (D:13)
  Maurice (D:8)
  Joseph (D:7)
  10 elephants
  6 black mambas
  2 gargoyles (D:12)
  10 cane toads
  A torpor snail (Lair:5)
  2 efreet
  Psyche (D:9)
  2 kobold demonologists
  7 komodo dragons
  2 unseen horrors (D:11)
  2 tengu conjurers
  3 rime drakes
  3 freezing wraiths (D:14)
  A burning bush (Lair:5)
  A hornet (Swamp:1)
  A polar bear (shapeshifter) (D:15)
  6 meliai
  4 polar bears
  8 trolls
  8 blink frogs
  11 slime creatures
  Grinder (D:4)
  2 tyrant leeches (Swamp:1)
  7 dream sheep
  A centaur simulacrum (D:12)
  A spriggan (Swamp:1)
  4 wraiths
  A vampire (D:10)
  5 wyverns
  45 yaks
  A steam dragon (D:9)
  9 vampire mosquitoes
  2 basilisks
  3 wargs
  3 swamp worms
  14 water moccasins
  An acid dragon (D:12)
  A hornet zombie (D:6)
  Duvessa (D:7)
  29 orc warriors
  An ice beast (D:6)
  A sky beast (D:6)
  A black bear (D:5)
  4 ogres
  A necrophage (D:5)
  5 centaurs
  23 wolves
  5 kobold brigands
  A phantom (D:6)
  Blork the orc (D:5)
  15 bullfrogs
  A gnoll sergeant (D:9)
  2 scorpions
  A water moccasin zombie (D:5)
  Dowan (D:7)
  17 killer bees
  5 wights (D:7)
  A bullfrog zombie (D:6)
  4 electric eels (D:9)
  3 howler monkeys
  5 hounds
  3 centaur zombies
  3 jellies (Lair:6)
  17 orc priests
  Crazy Yiuf (D:5)
  A gnoll shaman (D:4)
  A bullfrog skeleton (D:5)
  An iguana (D:7)
  Terence (D:2)
  20 orc wizards
  2 howler monkey zombies
  10 gnolls
  3 howler monkey skeletons
  5 adders
  A white imp (D:6)
  2 worms
  2 dart slugs
  66 orcs
  11 ball pythons
  12 endoplasms
  6 giant cockroaches
  3 goblins (D:4)
  7 hobgoblins
  5 jackals (D:1)
  2 quokkas
  7 bats
  5 frilled lizards
  22 kobolds
  5 rats
642 creatures vanquished.

Vanquished Creatures (collateral kills)
  A guardian serpent (Lair:3)
  2 yaks (Lair:3)
  A bullfrog (Lair:3)
4 creatures vanquished.

Vanquished Creatures (others)
  An ugly thing (D:14)
  A bloated husk (Swamp:1)
  A slime creature (D:15)
  An orc (D:7)
  15 fungi
  33 plants
52 creatures vanquished.

Grand Total: 698 creatures vanquished

Notes
Turn   | Place    | Note
-------+----------+-------------------------------------------
     0 | D:1      | RepHenryClay the Deep Elf Venom Mage began the quest for
                  | the Orb.
     0 | D:1      | Reached XP level 1. HP: 10/10 MP: 6/6
   313 | D:1      | Reached XP level 2. HP: 15/15 MP: 5/8
   391 | D:1      | Learned a level 2 spell: Poisonous Vapours
   969 | D:1      | Reached XP level 3. HP: 14/19 MP: 2/9
  1051 | D:1      | Found a faded altar of an unknown god.
  1470 | D:2      | Noticed Terence
  1493 | D:2      | Killed Terence
  1494 | D:2      | Reached skill level 5 in Poison Magic
  1862 | D:2      | Reached XP level 4. HP: 24/24 MP: 8/10
  2106 | D:2      | Found a glowing silver altar of Zin.
  2216 | D:2      | Learned a level 1 spell: Shock
  2527 | D:2      | Learned a level 4 spell: Olgreb's Toxic Radiance
  3322 | D:4      | Reached XP level 5. HP: 28/28 MP: 6/11
  3568 | D:4      | Found a radiant altar of Vehumet.
  3570 | D:4      | Found a shimmering altar of Xom.
  3573 | D:4      | Became a worshipper of Vehumet
  3581 | D:4      | Found a stormy altar of Qazlal.
  3585 | D:4      | Found a hide-covered altar of Uskayaw.
  3591 | D:4      | Found an ancient bone altar of Kikubaaqudgha.
  3797 | D:4      | Noticed Grinder
  4044 | D:5      | Entered Level 5 of the Dungeon
  4230 | D:5      | Reached skill level 1 in Conjurations
  4230 | D:5      | Reached XP level 6. HP: 17/32 MP: 4/12
  5055 | D:5      | Learned a level 3 spell: Mephitic Cloud
  5349 | D:5      | Reached XP level 7. HP: 29/36 MP: 5/13
  5543 | D:5      | Noticed Blork the orc
  5551 | D:5      | Killed Blork the orc
  5552 | D:5      | Reached skill level 5 in Conjurations
  5897 | D:5      | Found a runed translucent door.
  5898 | D:5      | Noticed Crazy Yiuf
  5910 | D:5      | Killed Crazy Yiuf
  6301 | D:5      | Found a staircase to the Ecumenical Temple.
  6448 | D:6      | Noticed a yak
  6461 | D:6      | Killed a yak
  6593 | D:6      | Reached XP level 8. HP: 36/41 MP: 3/14
  6802 | D:6      | Reached skill level 1 in Air Magic
  8068 | D:6      | Reached skill level 5 in Air Magic
  8558 | D:7      | Noticed Joseph
  8611 | D:7      | Noticed Duvessa
  8611 | D:7      | Noticed Dowan
  9140 | D:7      | Reached * piety under Vehumet
  9140 | D:7      | Offered knowledge of Foxfire by Vehumet.
  9265 | D:7      | Reached XP level 9. HP: 45/45 MP: 7/17
  9270 | D:7      | Reached skill level 5 in Dodging
  9422 | D:7      | Killed Duvessa
  9524 | D:7      | Killed Dowan
  9647 | D:7      | Killed Joseph
  9648 | D:7      | Reached skill level 5 in Spellcasting
  9987 | D:7      | Offered knowledge of Searing Ray by Vehumet.
  9994 | D:7      | Learned a level 2 spell: Searing Ray
 10019 | D:7      | Reached ** piety under Vehumet
 10544 | D:8      | Noticed Harold
 10612 | D:8      | Killed Harold
 10613 | D:8      | Reached XP level 10. HP: 36/50 MP: 9/22
 10853 | D:8      | Noticed a smoke demon
 11179 | D:8      | Noticed Maurice
 11226 | D:8      | Killed Maurice
 11895 | D:9      | Reached skill level 10 in Dodging
 12336 | D:9      | Offered knowledge of Scorch by Vehumet.
 12510 | D:9      | Noticed a fire dragon
 12546 | D:9      | Found a staircase to the Lair.
 12676 | D:9      | Found a glowing golden altar of the Shining One.
 12934 | D:9      | Noticed Psyche
 12945 | D:9      | Killed Psyche
 13226 | D:10     | Entered Level 10 of the Dungeon
 13295 | D:10     | Reached *** piety under Vehumet
 13727 | D:10     | Reached XP level 11. HP: 54/54 MP: 21/26
 13993 | D:10     | Noticed a two-headed ogre
 14017 | D:10     | Killed a two-headed ogre
 14018 | D:10     | Reached skill level 10 in Conjurations
 14198 | D:10     | Found a staircase to the Orcish Mines.
 14720 | Orc:1    | Entered Level 1 of the Orcish Mines
 14756 | Orc:1    | Offered knowledge of Ignite Poison by Vehumet.
 14779 | D:10     | Learned a level 3 spell: Ignite Poison
 14870 | Orc:2    | Entered Level 2 of the Orcish Mines
 14871 | Orc:2    | Noticed an orc sorcerer
 14874 | Orc:2    | Noticed an orc knight
 14878 | Orc:2    | Noticed an orc knight
 14880 | Orc:2    | Noticed an orc warlord
 14881 | Orc:2    | Killed an orc sorcerer
 14885 | Orc:1    | Identified a scroll of acquirement
 14885 | Orc:1    | Acquired the ring "Qewneaff" {rN+ Will+ SInv Stlth-}
 15058 | Orc:1    | Noticed an orc warlord
 15058 | Orc:1    | Noticed an orc knight
 15067 | Orc:1    | Killed an orc knight
 15068 | Orc:1    | Reached skill level 5 in Fire Magic
 15069 | Orc:1    | Reached **** piety under Vehumet
 15076 | Orc:1    | Killed an orc warlord
 15079 | Orc:1    | Offered knowledge of Frozen Ramparts by Vehumet.
 15724 | Orc:1    | You are sucked into a shaft and drop 1 floor!
 15724 | Orc:2    | Noticed a two-headed ogre
 15956 | Orc:2    | Killed an orc knight
 16272 | Orc:2    | Noticed an orc sorcerer
 16275 | Orc:2    | Killed an orc sorcerer
 16350 | Orc:2    | Killed a two-headed ogre
 16350 | Orc:2    | Noticed an orc knight
 16351 | Orc:2    | Reached XP level 12. HP: 33/59 MP: 15/27
 17607 | Orc:2    | Noticed an orc high priest
 17615 | Orc:2    | Killed an orc high priest
 17835 | Orc:2    | Killed an orc warlord
 17978 | Orc:2    | Found Noylutia's Antique Armour Emporium.
 17995 | Orc:2    | Found Dos Pya's Book Emporium.
 18104 | Orc:2    | Found Icwefil's Antique Weapon Emporium.
 18119 | Orc:2    | Found Qutemusa's General Store.
 18126 | Orc:2    | Bought a staff of poison for 375 gold pieces
 18142 | Orc:2    | Bought a book of Blasting for 448 gold pieces
 18158 | Orc:2    | Bought a shiny helmet for 262 gold pieces
 18223 | Orc:2    | Found Kovizuonei's Magic Scroll Shop.
 18237 | Orc:2    | Bought a scroll of identify for 30 gold pieces
 18237 | Orc:2    | Bought a scroll of identify for 30 gold pieces
 18237 | Orc:2    | Bought a scroll of identify for 30 gold pieces
 18237 | Orc:2    | Bought a scroll of identify for 30 gold pieces
 18310 | Orc:2    | Found a staircase to the Elven Halls.
 18594 | Orc:2    | Learned a level 4 spell: Iskenderun's Mystic Blast
 19219 | D:11     | Reached ***** piety under Vehumet
 19851 | D:9      | Offered knowledge of Lightning Bolt by Vehumet.
 19952 | D:9      | Noticed Erica
 19961 | D:9      | Killed Erica
 19962 | D:9      | Reached skill level 1 in Fighting
 20022 | Lair:1   | Entered Level 1 of the Lair of Beasts
 20146 | Lair:1   | Noticed Gastronok
 20152 | Lair:1   | Killed Gastronok
 20153 | Lair:1   | Reached skill level 15 in Dodging
 20776 | Lair:2   | Reached XP level 13. HP: 69/69 MP: 20/28
 21594 | Lair:2   | HP: 2/72 [black mamba (13)]
 21944 | Lair:2   | Reached skill level 5 in Fighting
 22227 | Lair:2   | Found a staircase to the Swamp.
 22449 | Lair:3   | Learned a level 5 spell: Lightning Bolt
 22452 | Lair:3   | Found a staircase to the Snake Pit.
 22458 | Lair:3   | Reached skill level 1 in Translocations
 23042 | Lair:3   | Offered knowledge of Freezing Cloud by Vehumet.
 23049 | Lair:3   | Learned a level 5 spell: Freezing Cloud
 23279 | Lair:3   | Reached skill level 5 in Translocations
 23434 | Lair:3   | Found an ornate altar of the Wu Jian Council.
 23434 | Lair:3   | Found a hide-covered altar of Uskayaw.
 24100 | Lair:4   | Found a shimmering altar of Xom.
 24170 | Lair:4   | Reached skill level 10 in Spellcasting
 24677 | Lair:4   | Identified the +1 pair of gloves of Rotation {rPois rC-
                  | Int+3}
 25472 | Lair:5   | Reached XP level 14. HP: 61/78 MP: 31/31
 26160 | Lair:6   | Entered Level 6 of the Lair of Beasts
 26452 | Lair:6   | Reached skill level 15 in Conjurations
 26747 | Lair:6   | Offered knowledge of Fireball by Vehumet.
 26769 | Lair:6   | Learned a level 5 spell: Fireball
 26829 | Lair:6   | Found a staircase to the Slime Pits.
 27090 | Lair:6   | Identified the +7 dagger "Herchieg" {vorpal, Int+4}
 27186 | Lair:6   | Found a runed translucent gate.
 27186 | Lair:6   | Found a runed translucent gate.
 27186 | Lair:6   | Found a runed translucent gate.
 27186 | Lair:6   | Noticed ardl's ghost (journeyman OpCj)
 27612 | Lair:6   | Identified the +7 scimitar "Teddiow" {vorpal, SInv}
 28482 | D:9      | Found a staircase to the Lair.
 28488 | D:9      | Reached skill level 1 in Staves
 28488 | D:9      | Reached skill level 1 in Evocations
 28641 | D:4      | Killed Grinder
 29323 | D:12     | Found Fagheack's Assorted Antiques.
 29332 | D:12     | Bought a pair of fine gloves for 361 gold pieces
 29332 | D:12     | Identified the +1 pair of gloves of Joy {rElec Will- Int+4
                  | Dex+8} (You bought it in a shop on level 12 of the Dungeon)
 30907 | D:13     | Reached skill level 5 in Evocations
 31089 | D:13     | Found a gate to the Vaults.
 31103 | D:13     | Reached skill level 5 in Staves
 31103 | D:13     | Reached XP level 15. HP: 20/82 MP: 16/34
 31849 | D:12     | Offered knowledge of Eringya's Noxious Bog by Vehumet.
 31858 | D:12     | Learned a level 6 spell: Eringya's Noxious Bog
 34285 | D:15     | Entered Level 15 of the Dungeon
 34290 | D:15     | Acquired a scarf of repulsion
 34394 | D:15     | Found Zanuum's Book Emporium.
 34436 | D:15     | Found Arghud Dops's Assorted Antiques.
 34443 | D:15     | Bought a scroll labelled USYTUL FAPUDI for 22 gold pieces
 34443 | D:15     | Bought 3 scrolls of identify for 132 gold pieces
 34886 | D:15     | Found Heomei's Jewellery Shop.
 35327 | D:15     | Noticed an acid blob
 35331 | D:15     | Reached skill level 10 in Poison Magic
 35333 | D:15     | Noticed a caustic shrike
 35333 | D:15     | an acid blob changed into a caustic shrike
 35335 | D:15     | Noticed a titan
 35335 | D:15     | a caustic shrike changed into a titan
 35336 | D:15     | Noticed a shard shrike
 35336 | D:15     | a titan changed into a shard shrike
 35625 | D:15     | Paralysed by a great orb of eyes for 7 turns
 35933 | D:15     | Found a staircase to the Depths.
 35939 | D:15     | Upgraded the game from 0.28-a0-998-gb9e9c7b67e to
                  | 0.28-a0-1002-gf00fe891ef
 36211 | Swamp:1  | Entered Level 1 of the Swamp
 36216 | Swamp:1  | Reached skill level 5 in Transmutations
 36476 | Swamp:1  | Noticed Josephine
 36696 | Swamp:1  | Killed Josephine
 37186 | Swamp:1  | Noticed Donald
 37196 | Swamp:1  | Killed Donald
 37364 | Swamp:1  | Identified Roxanne's Volume of Clay
 37364 | Swamp:1  | Noticed Roxanne
 37532 | Swamp:1  | Killed from afar by Roxanne

Illustrated notes

Levels and vault maps discovered:
D:1:      lemuel_arrival_behind_the_door_large, layout_basic,
          dreamdust_ecumenical_altar_angels_and_demons,
          minmay_shallow_snake_nest
D:2:      minmay_skewed_foursquare, layout_rooms, basic_altar,
          minmay_pentomino_z2, uniq_terence
D:3:      layout_basic
D:4:      layout_basic, nicolae_overflow_hallway_of_the_gods, uniq_grinder
D:5:      layout_loops_ring, temple_hall_moat, nicolae_zen_rock_garden,
          uniq_crazy_yiuf_cottage, uniq_blork_the_orc
D:6:      layout_layer_cave, minmay_pentangle
D:7:      layout_rooms, uniq_joseph, uniq_duvessa
D:8:      layout_gridville, nicolae_figureground_sparkle, uniq_maurice,
          uniq_harold
D:9:      layout_loops_ring, nicolae_overflow_hidden_temple, erik_lair_island,
          kennysheep_island_fort, uniq_psyche, uniq_erica
D:10:     layout_gridville, minmay_orc_entry_temple_small
D:11:     layout_long_grid
D:12:     layout_irregular_city, serial_shops, shop
D:13:     layout_roguey, erik_vaults_2, grunt_decor_cap
D:14:     layout_layer_cave
D:15:     gammafunk_enter_depths_forms, layout_loops_ring, serial_shops,
          nicolae_lakefront_shop, shop, nicolae_shop_trees, st_stairs_3
Lair:1:   layout_misc_corridors, serial_bayou_pond_a, uniq_gastronok
Lair:2:   gammafunk_indiana_jones, layout_big_grid, palyth_hydra_swamp_entry,
          nicolae_quartered_pool_medium
Lair:3:   layout_hall_layers, minmay_snake_entry_spellcaster, minivault_23,
          nzn_masters_of_martial_movement
Lair:4:   layout_long_grid, basic_altar, st_stairs_4, lemuel_fruit_tree
Lair:5:   layout_layer_cave, evilmike_ambush [evilmike_ambush_outer_pillars,
          evilmike_ambush_inner_basic]
Lair:6:   grunt_lair_end_beastmaster, layout_gridlike,
          nicolae_slime_entry_slimehenge, gammafunk_ghost_necromancy,
          serial_bayou_lagoon_b
Swamp:1:  layout_falls_marsh, evilmike_swamp_ruin_house_4, uniq_donald,
          uniq_josephine, uniq_roxanne
Orc:1:    layout_diamond_mine
Orc:2:    grunt_orc_cross, layout_caves, basic_altar, serial_shops,
          nicolae_square_shop, nicolae_orc_tapped_out

Skill      XL: |  1  2  3  4  5  6  7  8  9 10 11 12 13 14 15 |
---------------+----------------------------------------------+-----
Poison Magic   | 4 5 6 7 8 9 10 | 10.8
Conjurations   | 1 4 6 8 9 13 14 15 16 | 16.2
Air Magic      | 5 |  5.3
Dodging        | 4 8 11 15 16 | 16.7
Spellcasting   | 4 6 9 11 13 14 | 14.2
Fire Magic     | 5 |  5.3
Fighting       | 3 5 |  5.0
Translocations | 5 |  5.6
Staves         | 5 6 |  6.0
Evocations     | 5 6 |  6.6
Transmutations | 6 |  6.0
Stealth        | |  2.4

Action                   |  1- 3 |  4- 6 |  7- 9 | 10-12 | 13-15 || total
-------------------------+-------+-------+-------+-------+-------++-------
Melee: Unarmed           |    19 |     7 |     2 |       |       ||    28
       Dagger            |       |       |     3 |     4 |       ||     7
       Staff             |       |       |       |     1 |    91 ||    92
 Cast: Sting             |    70 |   100 |   132 |   187 |   157 ||   646
       Shock             |       |    53 |    92 |    12 |     2 ||   159
       Olgreb's Toxic Ra |       |     1 |    16 |    73 |    55 ||   145
       Mephitic Cloud    |       |       |    14 |    13 |     7 ||    34
       Poisonous Vapours |       |       |     2 |    40 |    29 ||    71
       Searing Ray       |       |       |       |    21 |     9 ||    30
       Ignite Poison     |       |       |       |    54 |    75 ||   129
       Iskenderun's Myst |       |       |       |     4 |    57 ||    61
       Lightning Bolt    |       |       |       |       |   184 ||   184
       Freezing Cloud    |       |       |       |       |     7 ||     7
       Fireball          |       |       |       |       |     8 ||     8
       Eringya's Noxious |       |       |       |       |     6 ||     6
Evoke: Wand              |       |       |     3 |     8 |     4 ||    15
  Use: Scroll            |       |     1 |       |    20 |    14 ||    35
       Potion            |       |       |     1 |     4 |     5 ||    10
Armor: Robe              |    13 |    21 |    29 |    22 |    78 ||   163
       Leather armour    |       |       |     7 |    45 |    49 ||   101
Dodge: Dodged            |    49 |    60 |    83 |   161 |   373 ||   726
Block: Other             |       |       |       |       |    52 ||    52
       Reflection        |       |       |       |       |     3 ||     3

Table legend: (Time is in decaauts)
 A = Elapsed time spent in this place.
 B = Non-inter-level travel time spent in this place.
 C = Inter-level travel time spent in this place.
 D = Time resting spent in this place.
 E = Time spent auto-exploring this place.
 F = Levels seen in this place.
 G = Mean time per level.
                   A        B        C        D        E       F      G
               +--------+--------+--------+--------+--------+-----+--------+
         Total |  37675 |  35513 |   2162 |   8902 |  21691 |  24 | 1569.8 |
       Dungeon |  24559 |  23079 |   1480 |   5350 |  14656 |  15 | 1637.3 |
          Lair |   8845 |   8421 |    424 |   2046 |   5325 |   6 | 1474.2 |
         Swamp |    799 |    786 |     13 |    286 |    340 |   1 |  799.0 |
  Orcish Mines |   3471 |   3227 |    244 |   1220 |   1370 |   2 | 1735.5 |
               +--------+--------+--------+--------+--------+-----+--------+

Top non-repeatable levels by time:
     D:6: 2550 daAuts
  Lair:2: 2436 daAuts
    D:10: 2028 daAuts
    D:12: 1972 daAuts
   Orc:1: 1901 daAuts
     D:5: 1893 daAuts
     D:9: 1854 daAuts
     D:4: 1829 daAuts
     D:8: 1776 daAuts
    D:15: 1734 daAuts
    D:13: 1710 daAuts
  Lair:3: 1575 daAuts
   Orc:2: 1569 daAuts
  Lair:6: 1558 daAuts
  Lair:5: 1419 daAuts
